 Dungeon Crawl Stone Soup version 0.18-a0-1562-gac8da35 (webtiles) character file.

609780 HungrySpirit the Shatterer (level 27, -3/305 HPs)
             Began as an Ogre Arcane Marksman on Mar 8, 2016.
             Was the Champion of Okawaru.
             Slain by Mara
             ... wielding a +4 demon trident of freezing
              (4 damage)
             ... on level 4 of the Depths on Mar 13, 2016.
             The game lasted 03:00:18 (84195 turns).

HungrySpirit the Shatterer (Ogre Arcane Marksman)  Turns: 84195, Time: 03:00:18

Health: -3/305     AC: 40    Str: 38    XL:     27
Magic:  33/33      EV:  7    Int: 12    God:    Okawaru [******]
Gold:   4636       SH:  0    Dex: 11    Spells: 0 memorised, 28 levels left

rFire  + + +     SeeInvis +     Y - +6 giant club of Abuse {flame, Str+5}
rCold  + . .     Gourm    .     k - +9 gold dragon armour
rNeg   . . .     Faith    .     (shield currently unavailable)
rPois  +         Spirit   .     A - +1 hat of Zol Vedd {+Fly rPois rF++ Stlth-}
rElec  .         Dismiss  .     u - +2 cloak
rCorr  .         Reflect  .     (gloves unavailable)
SustAt .         Harm     .     (boots unavailable)
MR     ++...                    P - amulet of regeneration
Stlth  ..........               L - +5 ring of slaying
                                r - ring of see invisible

@: about to teleport, studying Poison Magic, very resistant to hostile
enchantments, extremely unstealthy
A: unfitting armour, fangs 1, yellow scales 1, agile 1, mutation resistance 1,
tough skin 1
a: Heroism, Finesse, Renounce Religion, Evoke Flight
0: Orb of Zot
}: 3/15 runes: decaying, silver, gossamer


You were on level 4 of the Depths.
You worshipped Okawaru.
Okawaru was exalted by your worship.
You were very full.

You visited 9 branches of the dungeon, and saw 49 of its levels.
You also visited: Ossuary and Ice Cave.

You collected 6059 gold pieces.
You spent 1423 gold pieces at shops.

Inventory:

Hand Weapons
 F - a +8 giant spiked club
 Y - the +6 giant club of Abuse (weapon) {flame, Str+5}
   (Okawaru gifted it to you on level 3 of the Depths)

   It has been specially enchanted to burn those struck by it, causing extra
   injury to most foes and up to half again as much damage against particularly
   susceptible opponents.
   It affects your strength (+5).
Missiles
 w - a throwing net
 D - 134 large rocks (quivered)
Armour
 k - a +9 gold dragon armour (worn)
 u - a +2 cloak (worn)
 y - a +0 cloak of invisibility
 A - the +1 hat of Zol Vedd (worn) {+Fly rPois rF++ Stlth-}
   (You acquired it on level 8 of the Dungeon)

   It greatly protects you from fire.
   It protects you from poison.
   It lets you fly.
   It makes you less stealthy.
Jewellery
 m - an uncursed ring of resist corrosion
 r - a ring of see invisible (left hand)
 x - an uncursed ring of protection from fire
 L - a +5 ring of slaying (right hand)
 M - an uncursed amulet of the gourmand
 P - an amulet of regeneration (around neck)
Wands
 a - a wand of iceblast (5/15)
 n - a wand of digging (19/24)
 S - a wand of disintegration (15/24)
Scrolls
 b - 7 scrolls of fog
 e - 8 scrolls of recharging
 h - 9 scrolls of identify
 i - 21 scrolls of remove curse
 j - 10 scrolls of teleportation
 o - 2 scrolls of silence
 T - a scroll of blinking
Potions
 c - 4 potions of resistance
 v - 7 potions of flight
 z - 12 potions of curing
 E - 2 potions of invisibility
 G - 5 potions of cancellation
 H - 8 potions of haste
 I - 7 potions of might
 K - 10 potions of agility
 N - 4 potions of cure mutation
 V - 3 potions of brilliance
 W - 3 potions of berserk rage
 X - 5 potions of ambrosia
 Z - 3 potions of magic
Books
 B - a manual of Poison Magic
Miscellaneous
 p - a sack of spiders
 q - a box of beasts
 t - a box of beasts
 C - a fan of gales
 J - a lamp of fire
 Q - 2 phantom mirrors
 U - a phial of floods
Comestibles
 f - 30 bread rations
 g - 23 meat rations
 s - 13 royal jellies


   Skills:
 - Level 23.2 Fighting
 - Level 25.5 Maces & Flails
 * Level 22.7 Throwing
 * Level 20.6 Armour
 - Level 1.7 Dodging
 - Level 1.2 Spellcasting
   Level 2.1 Hexes
 - Level 10.1 Invocations
 + Level 13.7 Evocations


You had 28 spell levels left.
You didn't know any spells.

Dungeon Overview and Level Annotations

Branches:
Dungeon (15/15)            Temple (1/1) D:4            Lair (8/8) D:8
  Swamp (4/4) Lair:6       Spider (4/4) Lair:6        Slime (0/6) Lair:6
    Orc (2/2) D:10            Elf (0/3) Orc:2        Vaults (5/5) D:13
  Crypt (0/3) Vaults:2     Depths (5/5) D:15            Zot (5/5) Depths:5

Altars:
Ashenzari
Cheibriados
Dithmenos
Elyvilon
Fedhas
Gozag
Kikubaaqudgha
Makhleb
Nemelex Xobeh
Okawaru
Pakellas
Qazlal
Ru
Sif Muna
Trog
Vehumet
Xom
Yredelemnul
Zin
The Shining One
Beogh
Jiyva

Shops:
D:4 !   D:5 :   D:7 =   D:9 %   D:10 [   Orc:2 [[([:   Vaults:1 =   Depths:1 }
Depths:3 [

Portals:
Hell: Depths:1 Depths:2 Depths:3 Depths:5
Abyss: Depths:2 Depths:3 Depths:4
Pandemonium: Depths:3 Depths:4
Ziggurat: Depths:4
Trove: Vaults:4 (give +6 demon whip)

Annotations:
D:6 exclusion: statue
Lair:6 1 runed door
Swamp:1 exclusion: Roxanne, Roxanne
Depths:3 exclusion: downstairs
Depths:4 Mara
Depths:5 1 exclusion
Zot:2 exclusion: downstairs
Zot:4 exclusion: 2 upstairs
Zot:5 exclusion: 2 upstairs


Innate Abilities, Weirdness & Mutations

You are too large for most types of armour.
You have tough skin (AC +1).
You have very sharp teeth.
You are partially covered in yellow scales (AC +2).
You are agile. (Dex +2)
You are somewhat resistant to further mutation.


Message History

The spriggan rider hits you from afar with a spear of piercing.
* * * LOW HITPOINT WARNING * * *
x2 Mara gestures.
There is a horrible, sudden wrenching feeling in your soul!
Unknown command.
Drink which item? (? for menu, Esc to quit)
Okay, then.
Read which item? (? for menu, Esc to quit)
Your blink will be uncontrolled - continue anyway?
The Orb prevents control of your translocation!
You blink.
As you read the scroll of blinking, it crumbles to dust.
The spriggan air mage waves its arms in wide circles.
The air twists around and strikes you!
* * * LOW HITPOINT WARNING * * *
HungrySpirit's illusion hits you but does no damage.
Mara hits you from afar with a demon trident of freezing!
* * * LOW HITPOINT WARNING * * *
Mara freezes you.
You die...

8#8#8#8#8#8......#
############8...8#≈≈≈≈≈≈
≈≈≈≈≈≈≈#%..##...##≈≈≈≈≈≈
≈≈≈≈≈≈≈#....##8##≈≈≈≈≈≈≈
≈≈≈≈≈≈≈#.....###≈≈≈≈≈≈≈≈
≈≈≈≈≈≈≈#.......#≈≈≈≈≈≈≈≈
########..>.<..#########
..((.<......%i..........
......∩....i...E@....<..
...∩.........iRi@.......
########.....Ei#########
≈≈≈≈≈≈≈#......E#≈≈≈≈≈≈≈≈
≈≈≈≈≈≈≈#.>....i#≈≈≈≈≈≈≈≈
≈≈≈≈≈≈≈#∩.....G#≈≈≈≈≈≈≈≈
≈≈≈≈≈≈≈#.......#≈≈≈≈≈≈≈≈
≈≈≈≈≈#.......#≈≈≈≈≈≈≈≈
≈≈≈≈≈#.......#≈≈≈≈≈≈


You could see Mara, a great orb of eyes, 2 spriggan riders, a spriggan berserker
(berserk), 3 spriggan air magi, 3 air elementals and HungrySpirit's illusion.

Vanquished Creatures
  6 orbs of fire (Zot:5)
  A juggernaut (Depths:5)
  7 ancient liches
  An iron giant (Depths:5)
  2 Killer Klowns (Zot:5)
  A curse toe (Zot:5)
  Saint Roka (Vaults:4)
  A caustic shrike (Depths:5)
  7 golden dragons
  A bone dragon (Depths:5)
  3 electric golems
  Jorgrun (Spider:4)
  9 tentacled monstrosities
  23 Orb Guardians (Zot:5)
  2 liches
  An Ice Fiend (IceCv)
  A quicksilver dragon (Vaults:5)
  Asterion (Spider:4)
  6 titans
  6 shadow dragons
  Gastronok (D:10)
  6 death cobs
  8 sphinxes
  A thorn hunter (Swamp:4)
  A shadow dragon (shapeshifter) (Depths:2)
  8 storm dragons
  4 draconian monks
  7 tengu reavers
  Kirke (Lair:7)
  12 fire giants
  2 draconian knights
  The ghost of angZt the Warrior, a journeyman MiBe of Trog (Spider:2)
  Maud (Lair:3)
  2 iron dragons (Vaults:5)
  25 vault wardens
  3 orc warlords (Orc:2)
  9 frost giants
  5 deep elf sorcerers
  A balrug (Depths:3)
  A draconian scorcher (Zot:4)
  6 emperor scorpions
  4 ghost moths
  Aizul (Spider:4)
  Louise (D:14)
  A draconian shifter (Zot:2)
  2 draconian zealots
  2 spriggan defenders
  4 war gargoyles
  29 ironheart preservers
  29 stone giants
  13 very ugly things
  3 green draconians
  7 deep elf annihilators
  3 vampire knights
  6 salamander stormcallers
  3 deep elf demonologists
  6 black draconians
  5 purple draconians
  A yellow draconian (Zot:3)
  7 red draconians
  5 white draconians
  13 ettins
  4 mottled draconians
  4 spark wasps
  The ghost of Uhlv the Blocker, a journeyman HOFi of Okawaru (D:12)
  A deep elf death mage (Vaults:5)
  2 green deaths (Swamp:4)
  Josephine (D:10)
  A crystal guardian (Vaults:5)
  17 yaktaur captains
  30 vault guards
  A deep elf high priest (Depths:5)
  The ghost of milladamen the Basher, a journeyman MiBe of Trog (Orc:1)
  2 ice dragons (shapeshifter) (Depths:2)
  A death ooze (Swamp:4)
  6 fire dragons
  9 entropy weavers
  A fire dragon (shapeshifter) (Depths:2)
  8 great orbs of eyes
  18 hydras
  2 hell beasts (Swamp:4)
  10 ice dragons
  5 rakshasas
  4 spriggan air magi (Depths:2)
  A ghost crab (Swamp:2)
  4 catoblepae
  12 centaur warriors
  A monstrous demonspawn (Depths:3)
  16 ogre magi
  24 death yaks
  2 death knights
  17 alligators
  7 deep troll shamans
  9 deep troll earth magi
  The ghost of mopl the Covert, a journeyman KoIE of Pakellas (D:11)
  A thrashing horror (Swamp:4)
  5 orc high priests
  2 tengu warriors
  4 spriggan berserkers (Depths:5)
  Urug (Orc:1)
  A soul eater (Vaults:2)
  A sun demon (Depths:3)
  3 hell knights
  A fire crab (shapeshifter) (Vaults:4)
  12 deep elf knights
  2 spectral emperor scorpions (Spider:4)
  3 fire crabs
  6 salamander mystics
  A shadow wraith (Vaults:5)
  8 death scarabs (Spider:4)
  4 swamp dragons (Swamp:4)
  27 deep trolls
  9 skeletal warriors
  An iron troll (Depths:3)
  2 unseen horrors
  3 spriggan druids (Swamp:3)
  2 giant orange brains
  7 flayed ghosts
  A swamp dragon (shapeshifter) (Vaults:5)
  A hill giant (shapeshifter) (Depths:2)
  A giant orange brain (shapeshifter) (Depths:3)
  3 shambling mangroves
  31 ironbrand convokers
  2 spectral wolf spiders (Spider:4)
  Pikel (D:7)
  A lindwurm (shapeshifter) (Vaults:5)
  9 harpies
  4 phantasmal warriors
  2 wolf spider zombies
  10 hill giants
  38 ugly things
  4 deep elf archers
  22 deep elf magi
  A necromancer (Spider:2)
  8 orc sorcerers
  11 orb spiders
  12 hornets
  2 manticores
  32 wolf spiders
  4 griffons
  18 orc knights
  11 salamanders
  A hornet (shapeshifter) (Vaults:1)
  An oklob plant (Lair:7)
  A wolf spider (shapeshifter) (Depths:2)
  7 cyclopes
  A salamander (shapeshifter) (Vaults:3)
  A moth of wrath (shapeshifter) (Vaults:5)
  5 wizards
  10 moths of wrath
  3 black mambas
  12 elephants
  An ice statue (Lair:8)
  16 vault sentinels
  A torpor snail (Lair:7)
  A water nymph (shapeshifter) (Depths:2)
  Psyche (D:8)
  8 naga magi (Depths:2)
  2 elephants (shapeshifter)
  A rust devil (Depths:3)
  An eye of devastation (shapeshifter) (Depths:2)
  18 spiny frogs
  2 orange demons (Swamp:4)
  3 redback zombies (Spider:4)
  2 rime drakes
  45 yaktaurs
  An efreet (D:15)
  4 kobold demonologists
  11 freezing wraiths
  A yaktaur (shapeshifter) (Vaults:2)
  8 ice devils
  9 trolls
  8 demonic crawlers
  3 anaconda simulacra
  6 komodo dragons
  A golden dragon simulacrum (IceCv)
  A red devil (Depths:3)
  2 polar bears (Lair:8)
  A queen bee (shapeshifter) (Depths:3)
  31 jumping spiders
  3 jumping spiders (shapeshifter)
  2 spectral hornets (Spider:4)
  4 spectral jumping spiders (Spider:4)
  A tengu simulacrum (Vaults:1)
  A slime creature (shapeshifter) (Vaults:4)
  A wind drake (shapeshifter) (Vaults:1)
  26 blink frogs
  4 spectral tarantellas (Spider:4)
  A wolf spider simulacrum (IceCv)
  27 two-headed ogres
  2 two-headed ogres (shapeshifter)
  2 jumping spider zombies (Spider:4)
  A tarantella zombie (Spider:4)
  11 boulder beetles
  8 bog bodies
  39 slime creatures
  8 giant leeches
  Prince Ribbit (D:5)
  A large abomination (Swamp:4)
  3 dire elephant simulacra (IceCv)
  16 spriggans
  4 hogs (Lair:7)
  A redback (shapeshifter) (Vaults:1)
  21 tarantellas
  A water elemental (Depths:2)
  7 wraiths
  5 shadows
  74 redbacks
  41 yaks
  4 wyverns
  Eustachio (D:6)
  The ghost of MDvedh the Vexing, an amateur SpEn of Okawaru (D:4)
  A yak (shapeshifter) (Vaults:1)
  A hungry ghost (D:14)
  A basilisk (Lair:8)
  6 hippogriffs
  A fire elemental (Depths:2)
  17 vampire mosquitoes
  A death yak simulacrum (IceCv)
  A steam dragon (Lair:3)
  11 wargs
  5 harpy simulacra (IceCv)
  3 human simulacra
  A chaos spawn (Zot:5)
  7 insubstantial wisps
  5 mottled dragons
  A soldier ant (D:9)
  A soldier ant (shapeshifter) (Vaults:3)
  18 swamp worms
  10 water moccasins
  5 hydra simulacra
  15 porcupines
  60 orc warriors
  2 swamp drakes
  7 sky beasts
  2 slaves (D:7)
  2 eyes of draining
  21 wasps
  3 phantoms
  5 ice beasts
  A black bear (D:8)
  2 ettin simulacra
  71 ogres
  A boggart (shapeshifter) (Vaults:4)
  A necrophage (D:14)
  A tengu (shapeshifter) (Depths:5)
  6 boggarts (Depths:1)
  13 centaurs
  12 crocodiles
  An elf simulacrum (Vaults:1)
  10 big kobolds
  8 elf zombies (Ossuary)
  22 giant frogs
  A wyvern zombie (D:14)
  A water moccasin zombie (D:6)
  2 scorpions
  A deep troll simulacrum (Depths:2)
  2 water moccasin skeletons
  2 elephant simulacra (IceCv)
  7 wights (D:7)
  15 killer bees
  A howler monkey (D:9)
  4 electric eels (D:7)
  A howler monkey (shapeshifter) (Vaults:3)
  5 crimson imps
  2 giant frog zombies
  5 centaur zombies
  A draconian simulacrum (IceCv)
  4 human zombies (Ossuary)
  2 quasits
  8 hounds
  Crazy Yiuf (D:2)
  36 orc priests
  5 giant frog skeletons
  3 jellies
  3 centaur skeletons
  Jessica (D:2)
  6 iguanas
  38 orc wizards
  12 worker ants
  13 sheep
  4 troll simulacra (IceCv)
  A killer bee zombie (D:7)
  A centaur simulacrum (IceCv)
  A hound zombie (D:10)
  A hound skeleton (D:6)
  3 mummies (Ossuary)
  A worker ant zombie (D:7)
  13 gnolls
  A howler monkey skeleton (D:5)
  13 adders
  2 ogre simulacra (IceCv)
  41 river rats
  2 naga simulacra (IceCv)
  5 shadow imps
  18 white imps
  8 ufetubi (IceCv)
  An adder skeleton (D:4)
  5 worms
  3 dart slugs
  10 giant geckos
  161 orcs
  2 ball pythons
  9 giant cockroaches
  11 goblins
  10 hobgoblins
  3 jackals (D:9)
  19 kobolds
  6 quokkas
  13 bats
  5 giant newts
  A jackal skeleton (D:4)
  A quokka skeleton (D:6)
  7 rats
  4 briar patches (Swamp:4)
  A fungus (Lair:1)
2373 creatures vanquished.

Vanquished Creatures (others)
  An eldritch tentacle (Zot:5)
  A moth of wrath (Zot:5)
  An ogre (Vaults:2)
  A gnoll shaman (D:7)
  A killer bee zombie (D:7)
  A gnoll (D:7)
  A giant gecko (D:7)
  3 orcs
  A quokka (D:15)
  2 briar patches (Swamp:4)
  A bush (Lair:2)
  103 eldritch tentacle segments (Zot:5)
  9 fungi
  5 plants
131 creatures vanquished.

Grand Total: 2504 creatures vanquished

Notes
Turn   | Place    | Note
--------------------------------------------------------------
     0 | D:1      | HungrySpirit the Ogre Arcane Marksman began the quest for the Orb.
     0 | D:1      | Reached XP level 1. HP: 19/19 MP: 2/2
   307 | D:1      | Reached XP level 2. HP: 22/28 MP: 3/3
  1116 | D:1      | Reached XP level 3. HP: 36/36 MP: 4/4
  1585 | D:2      | Reached skill level 1 in Maces & Flails
  1918 | D:2      | Reached skill level 2 in Maces & Flails
  2003 | D:2      | Reached XP level 4. HP: 9/45 MP: 5/5
  2417 | D:2      | Noticed Jessica
  2418 | D:2      | Killed Jessica
  2453 | D:2      | Noticed Crazy Yiuf
  2459 | D:2      | Killed Crazy Yiuf
  2459 | D:2      | Reached skill level 3 in Maces & Flails
  2459 | D:2      | Reached XP level 5. HP: 53/53 MP: 6/6
  2773 | D:3      | Found a shattered altar of Ashenzari.
  3054 | D:3      | Reached skill level 4 in Maces & Flails
  3506 | D:3      | Found a bloodstained altar of Trog.
  3516 | D:3      | Found a burning altar of Makhleb.
  3519 | D:3      | Found a snail-covered altar of Cheibriados.
  3820 | D:4      | Found Kaanaxaun's Distillery.
  3841 | D:4      | Bought a potion of heal wounds for 50 gold pieces
  3841 | D:4      | Bought a potion of curing for 30 gold pieces
  3841 | D:4      | Bought a potion of degeneration for 10 gold pieces
  3841 | D:4      | Bought a potion of berserk rage for 50 gold pieces
  3900 | D:4      | Reached XP level 6. HP: 29/61 MP: 7/7
  4153 | D:4      | Found a shadowy altar of Dithmenos.
  4184 | D:4      | Noticed MDvedh's ghost (amateur SpEn)
  4242 | D:3      | Reached skill level 5 in Maces & Flails
  4607 | D:4      | Gained mutation: You have very sharp teeth. [potion of mutation]
  4607 | D:4      | Gained mutation: You are partially covered in yellow scales (AC +2). [potion of mutation]
  4607 | D:4      | Gained mutation: You are agile. (Dex +2) [potion of mutation]
  4611 | D:4      | Killed MDvedh's ghost
  4611 | D:4      | Reached skill level 6 in Maces & Flails
  4747 | D:4      | Found a staircase to the Ecumenical Temple.
  4916 | D:4      | Reached skill level 7 in Maces & Flails
  4916 | D:4      | Reached XP level 7. HP: 59/67 MP: 8/8
  5249 | Temple   | Entered the Ecumenical Temple
  5301 | Temple   | Became a worshipper of Warmaster Okawaru
  5381 | D:4      | Reached skill level 8 in Maces & Flails
  5888 | D:5      | Entered Level 5 of the Dungeon
  5916 | D:5      | Noticed Prince Ribbit
  5955 | D:5      | Killed Prince Ribbit
  5955 | D:5      | Reached skill level 9 in Maces & Flails
  5960 | D:5      | Reached * piety under Okawaru
  6128 | D:5      | Reached XP level 8. HP: 67/75 MP: 9/9
  6264 | D:5      | Found a blossoming altar of Fedhas.
  6382 | D:5      | Reached skill level 10 in Maces & Flails
  6404 | D:5      | Found Dappalit's Book Boutique.
  6761 | D:6      | Reached skill level 11 in Maces & Flails
  6865 | D:6      | Found a glowing silver altar of Zin.
  6957 | D:6      | Noticed Eustachio
  6966 | D:6      | Killed Eustachio
  7095 | D:6      | Found a radiant altar of Vehumet.
  7280 | D:6      | Reached skill level 12 in Maces & Flails
  7295 | D:6      | Reached ** piety under Okawaru
  7550 | D:7      | Found a glowing golden altar of the Shining One.
  7554 | D:7      | Reached XP level 9. HP: 81/81 MP: 10/10
  7588 | D:7      | Reached skill level 13 in Maces & Flails
  7809 | D:7      | Found a sand-covered staircase.
  7814 | Ossuary  | Entered an ossuary
  8151 | Ossuary  | Reached skill level 14 in Maces & Flails
  8291 | Ossuary  | Reached *** piety under Okawaru
  8518 | D:7      | Noticed Pikel
  8554 | D:7      | Killed Pikel
  8554 | D:7      | Reached skill level 15 in Maces & Flails
  8611 | D:7      | Found Qiuxakli's Jewellery Emporium.
  8850 | D:7      | Reached XP level 10. HP: 91/91 MP: 11/11
  8925 | D:7      | Reached skill level 16 in Maces & Flails
 10133 | D:8      | Noticed Psyche
 10144 | D:8      | Killed Psyche
 10144 | D:8      | Reached **** piety under Okawaru
 10505 | D:8      | Reached skill level 17 in Maces & Flails
 10567 | D:7      | Bought an uncursed ring of poison resistance for 280 gold pieces
 10815 | D:8      | Found a staircase to the Lair.
 10914 | D:8      | Identified a scroll of acquirement
 10920 | D:8      | Got an ichor-stained hat
 10926 | D:8      | Identified the +1 hat of Zol Vedd {+Fly rPois rF++ Stlth-} (You acquired it on level 8 of the Dungeon)
 11158 | D:9      | Noticed a hill giant
 11163 | D:9      | Killed a hill giant
 11314 | D:9      | Reached skill level 18 in Maces & Flails
 11467 | D:9      | Reached ***** piety under Okawaru
 11467 | D:9      | Received a gift from Okawaru
 11480 | D:9      | Reached XP level 11. HP: 91/97 MP: 12/12
 11498 | D:9      | Found Ucrasi's Food Emporium.
 12124 | D:10     | Entered Level 10 of the Dungeon
 12255 | D:10     | Reached skill level 19 in Maces & Flails
 12591 | D:10     | Found a staircase to the Orcish Mines.
 12647 | D:10     | Found an iron altar of Okawaru.
 12728 | D:10     | Noticed a hill giant
 12732 | D:10     | Killed a hill giant
 12940 | D:10     | Noticed Gastronok
 12953 | D:10     | Killed Gastronok
 12953 | D:10     | Reached skill level 5 in Fighting
 13390 | D:10     | Reached skill level 20 in Maces & Flails
 13403 | D:10     | Found an iron altar of Okawaru.
 13407 | D:10     | Noticed Josephine
 13417 | D:10     | Killed Josephine
 13990 | D:10     | Found Yshoj's Antique Armour Shoppe.
 14284 | D:11     | Reached XP level 12. HP: 118/118 MP: 13/13
 14290 | D:11     | Noticed mopl's ghost (journeyman KoIE)
 14304 | D:11     | Killed mopl's ghost
 14444 | D:11     | Reached skill level 1 in Armour
 14671 | D:11     | Received a gift from Okawaru
 15559 | D:12     | Noticed Uhlv's ghost (journeyman HOFi)
 15919 | Lair:1   | Entered Level 1 of the Lair of Beasts
 16113 | Lair:1   | Reached skill level 21 in Maces & Flails
 18650 | Lair:2   | Noticed a seven-headed hydra
 18657 | Lair:2   | Killed a seven-headed hydra
 18657 | Lair:2   | Reached skill level 10 in Fighting
 18770 | Lair:2   | Received a gift from Okawaru
 19042 | Lair:3   | Noticed an eight-headed hydra
 19049 | Lair:3   | Killed an eight-headed hydra
 19049 | Lair:3   | Reached XP level 13. HP: 109/133 MP: 14/14
 19326 | Lair:3   | Noticed Maud
 19343 | Lair:3   | Killed Maud
 19647 | Lair:3   | Reached skill level 22 in Maces & Flails
 22476 | Lair:6   | Reached skill level 5 in Armour
 22529 | Lair:6   | Found a staircase to the Swamp.
 22568 | Lair:6   | Reached ****** piety under Okawaru
 22595 | Lair:6   | Found a stormy altar of Qazlal.
 22599 | Lair:6   | Received a gift from Okawaru
 22751 | Lair:6   | Found a hole to the Spider Nest.
 22957 | Lair:6   | Found a runed door.
 22957 | Lair:6   | Found a viscous altar of Jiyva.
 22960 | Lair:6   | Found a staircase to the Slime Pits.
 23284 | Lair:7   | Reached skill level 23 in Maces & Flails
 23354 | Lair:7   | Reached XP level 14. HP: 101/149 MP: 15/15
 23593 | Lair:7   | Received a gift from Okawaru
 23987 | Lair:7   | Noticed Kirke
 24170 | Lair:7   | Killed Kirke
 24170 | Lair:7   | Received a gift from Okawaru
 24317 | Lair:8   | Entered Level 8 of the Lair of Beasts
 24713 | Lair:8   | Reached skill level 24 in Maces & Flails
 25082 | Lair:8   | Received a gift from Okawaru
 25143 | Lair:8   | Got a translucent great mace {god gift}
 25144 | Lair:8   | Identified the +5 great mace of the Little People {elec, Int+7} (Okawaru gifted it to you on level 8 of the Lair of Beasts)
 25367 | Lair:8   | Reached XP level 15. HP: 111/162 MP: 8/16
 25852 | Lair:8   | Received a gift from Okawaru
 26481 | Orc:1    | Entered Level 1 of the Orcish Mines
 26481 | Orc:1    | Found a bloodstained altar of Trog.
 26803 | Orc:1    | Noticed milladamen's ghost (journeyman MiBe)
 26814 | Orc:1    | Killed milladamen's ghost
 26814 | Orc:1    | Received a gift from Okawaru
 27227 | Orc:1    | Noticed Urug
 27247 | Orc:1    | Killed Urug
 28281 | Orc:2    | Entered Level 2 of the Orcish Mines
 28475 | Orc:2    | Noticed an orc warlord
 28507 | Orc:2    | Killed an orc warlord
 28909 | Orc:2    | Found a roughly hewn altar of Beogh.
 28958 | Orc:2    | Found a staircase to the Elven Halls.
 28984 | Orc:2    | Found Xyluurioll's Armour Shoppe.
 29073 | Orc:2    | Reached skill level 25 in Maces & Flails
 29096 | Orc:2    | Found Sihikaes's Antique Weapon Shoppe.
 29179 | Orc:2    | Found a roughly hewn altar of Beogh.
 29186 | Orc:2    | Found Soodgh's Armour Shoppe.
 29666 | Orc:2    | Found a roughly hewn altar of Beogh.
 29818 | Orc:2    | Found a roughly hewn altar of Beogh.
 29819 | Orc:2    | Found Zieduhuz's Book Boutique.
 30006 | Orc:2    | Found a roughly hewn altar of Beogh.
 30061 | Orc:2    | Found a roughly hewn altar of Beogh.
 30115 | Orc:2    | Noticed an orc warlord
 30503 | Orc:2    | Killed an orc warlord
 30503 | Orc:2    | Received a gift from Okawaru
 30792 | Orc:2    | Noticed an orc warlord
 30808 | Orc:2    | Killed an orc warlord
 31036 | Orc:2    | Found a roughly hewn altar of Beogh.
 31041 | Orc:2    | Found Pyijaf's Antique Armour Emporium.
 31052 | Orc:2    | Bought an embroidered cloak for 108 gold pieces
 31510 | D:4      | Bought a potion of haste for 100 gold pieces
 31510 | D:4      | Bought a potion of beneficial mutation for 350 gold pieces
 31510 | D:4      | Bought a potion of curing for 30 gold pieces
 31510 | D:4      | Bought a potion of curing for 30 gold pieces
 31510 | D:4      | Bought 2 potions of might for 80 gold pieces
 31510 | D:4      | Bought a potion of cancellation for 80 gold pieces
 31510 | D:4      | Gained mutation: You are somewhat resistant to further mutation. [potion of beneficial mutation]
 31694 | D:11     | Reached skill level 15 in Fighting
 31703 | D:12     | Killed Uhlv's ghost
 32382 | D:12     | Reached XP level 16. HP: 164/176 MP: 17/17
 32533 | D:13     | Reached skill level 1 in Evocations
 32572 | D:13     | Found a gate to the Vaults.
 33268 | D:14     | Noticed Louise
 33271 | D:14     | Killed Louise
 33593 | D:14     | Received a gift from Okawaru
 35096 | D:15     | Entered Level 15 of the Dungeon
 35249 | D:15     | Reached skill level 5 in Throwing
 35503 | D:15     | Found a white marble altar of Elyvilon.
 35613 | D:15     | Found a staircase to the Depths.
 35693 | D:15     | Received a gift from Okawaru
 35786 | D:15     | Reached skill level 10 in Armour
 36528 | Swamp:1  | Entered Level 1 of the Swamp
 37138 | Swamp:1  | Noticed Roxanne
 37144 | Swamp:1  | Reached XP level 17. HP: 147/193 MP: 19/19
 37263 | Swamp:1  | Reached XP level 18. HP: 202/202 MP: 20/20
 38183 | Swamp:2  | Found a bloodstained altar of Trog.
 40624 | Swamp:4  | Entered Level 4 of the Swamp
 40639 | Swamp:4  | Received a gift from Okawaru
 41031 | Swamp:4  | Received a gift from Okawaru
 43136 | Swamp:4  | Reached skill level 10 in Throwing
 43150 | Swamp:4  | Received a gift from Okawaru
 43770 | Swamp:4  | Got a decaying rune of Zot
 43948 | Spider:1 | Entered Level 1 of the Spider Nest
 44000 | Spider:1 | Reached XP level 19. HP: 204/219 MP: 21/21
 44032 | Spider:1 | Received a gift from Okawaru
 44039 | Spider:1 | Got a warped giant spiked club {god gift}
 44040 | Spider:1 | Identified the +1 giant spiked club "Dragonbane" {drain, *Rage +Blink rN+ Int+6} (Okawaru gifted it to you on level 1 of the Spider Nest)
 44599 | Spider:2 | Noticed angZt's ghost (journeyman MiBe)
 44611 | Spider:2 | Killed angZt's ghost
 46393 | Spider:3 | Received a gift from Okawaru
 46424 | Spider:3 | Reached skill level 1 in Invocations
 48010 | Spider:4 | Entered Level 4 of the Spider Nest
 48021 | Spider:4 | Found a frozen archway.
 48050 | IceCv    | Entered an ice cave
 48458 | IceCv    | Noticed an Ice Fiend
 48497 | IceCv    | Killed an Ice Fiend
 49527 | Spider:4 | Noticed Jorgrun
 49537 | Spider:4 | Killed Jorgrun
 50197 | Spider:4 | Noticed Asterion
 50204 | Spider:4 | Killed Asterion
 50598 | Spider:4 | Received a gift from Okawaru
 50804 | Spider:4 | Reached XP level 20. HP: 131/236 MP: 23/23
 51281 | Spider:4 | Reached skill level 5 in Invocations
 51804 | Spider:4 | Noticed Aizul
 51817 | Spider:4 | Killed Aizul
 52144 | Spider:4 | Got a gossamer rune of Zot
 52725 | Vaults:1 | Entered Level 1 of the Vaults
 53133 | Vaults:1 | Received a gift from Okawaru
 54437 | Vaults:1 | Received a gift from Okawaru
 54830 | Vaults:1 | Received a gift from Okawaru
 55170 | Vaults:1 | Received a gift from Okawaru
 55431 | Vaults:1 | Found Dafen's Jewellery Emporium.
 55442 | Vaults:1 | Bought an uncursed ring of see invisible for 225 gold pieces
 55870 | Vaults:2 | Received a gift from Okawaru
 57081 | Vaults:2 | Found a staircase to the Crypt.
 57098 | Vaults:2 | Reached XP level 21. HP: 195/249 MP: 26/26
 58422 | Vaults:3 | Upgraded the game from 0.18-a0-1526-gcb34c7c to 0.18-a0-1562-gac8da35
 59596 | Vaults:3 | Reached skill level 5 in Evocations
 59597 | Vaults:3 | Received a gift from Okawaru
 60119 | Vaults:3 | Received a gift from Okawaru
 60362 | Vaults:3 | Received a gift from Okawaru
 60887 | Vaults:3 | Reached skill level 10 in Invocations
 61639 | Vaults:3 | Reached XP level 22. HP: 170/260 MP: 29/29
 63062 | Vaults:4 | Received a gift from Okawaru
 63446 | Vaults:4 | Found a portal to a secret trove of treasure.
 64714 | Vaults:4 | Noticed Saint Roka
 65046 | Vaults:4 | Killed Saint Roka
 65046 | Vaults:4 | Reached skill level 15 in Throwing
 66645 | Depths:1 | Entered Level 1 of the Depths
 66645 | Depths:1 | Found Bouniucw's Quality Used Wands.
 66710 | Depths:1 | Found a gateway to Hell.
 67192 | Depths:1 | Received a gift from Okawaru
 67209 | Depths:1 | Got an ichor-stained giant club {god gift}
 67232 | Depths:1 | Identified the +1 giant club of the Tundras {flame, rElec rF- rC- MR++} (Okawaru gifted it to you on level 1 of the Depths)
 67947 | Depths:1 | Reached XP level 23. HP: 207/269 MP: 30/30
 68421 | Depths:2 | Reached skill level 15 in Armour
 69028 | Depths:2 | Found a one-way gate to the infinite horrors of the Abyss.
 69169 | Depths:2 | Received a gift from Okawaru
 70197 | Depths:2 | Received a gift from Okawaru
 71116 | Depths:3 | Received a gift from Okawaru
 71122 | Depths:3 | Got a transparent giant club {god gift}
 71123 | Depths:3 | Identified the +6 giant club of Abuse {flame, Str+5} (Okawaru gifted it to you on level 3 of the Depths)
 71501 | Depths:3 | Noticed a golden dragon
 71507 | Depths:3 | Killed a golden dragon
 71974 | Depths:3 | Found Ygroemoq's Armour Emporium.
 72077 | Depths:3 | Noticed an ancient lich
 72082 | Depths:3 | Killed an ancient lich
 72668 | Depths:3 | Found a one-way gate leading to the halls of Pandemonium.
 72746 | Depths:4 | Noticed a golden dragon
 72754 | Depths:4 | Killed a golden dragon
 72843 | Depths:5 | Entered Level 5 of the Depths
 72865 | Depths:5 | Noticed an iron giant
 72881 | Depths:5 | Killed an iron giant
 72886 | Depths:5 | Received a gift from Okawaru
 73331 | Depths:3 | Received a gift from Okawaru
 73342 | Depths:3 | Reached XP level 24. HP: 265/278 MP: 30/30
 73363 | Depths:4 | Found a gateway to a ziggurat.
 73367 | Depths:4 | Noticed Mara
 73961 | Vaults:5 | Entered Level 5 of the Vaults
 73963 | Vaults:5 | Noticed an ancient lich
 74036 | Vaults:4 | Received a gift from Okawaru
 74838 | Vaults:5 | Killed an ancient lich
 74838 | Vaults:5 | Reached skill level 10 in Evocations
 75536 | Vaults:5 | Received a gift from Okawaru
 75844 | Vaults:5 | Noticed an ancient lich
 75848 | Vaults:5 | Killed an ancient lich
 75848 | Vaults:5 | Received a gift from Okawaru
 76269 | Vaults:5 | Received a gift from Okawaru
 76278 | Vaults:5 | Reached XP level 25. HP: 172/287 MP: 26/30
 76539 | Vaults:5 | Received a gift from Okawaru
 76680 | Vaults:5 | Got a silver rune of Zot
 76755 | Vaults:5 | Received a gift from Okawaru
 76994 | Vaults:5 | Received a gift from Okawaru
 77031 | Vaults:5 | Received a gift from Okawaru
 77269 | Vaults:5 | Got a translucent turquoise ring
 77305 | Vaults:5 | Identified the ring "Qiymogof" {SustAt Int+3} (You took it off a yaktaur captain on level 5 of the Vaults)
 77750 | Vaults:5 | Got a crude brass ring
 77777 | Vaults:5 | Received a gift from Okawaru
 77800 | Vaults:5 | Identified the ring "Hafiyvonea" {-Tele MR+ Int+9} (You took it off a vault guard on level 5 of the Vaults)
 78746 | Depths:5 | Received a gift from Okawaru
 78800 | Depths:5 | Received a gift from Okawaru
 79131 | Depths:5 | Noticed a juggernaut
 79160 | Depths:5 | Killed a juggernaut
 79160 | Depths:5 | Received a gift from Okawaru
 79170 | Depths:5 | Reached XP level 26. HP: 293/297 MP: 30/31
 79254 | Depths:5 | Received a gift from Okawaru
 79647 | Depths:5 | Received a gift from Okawaru
 79977 | Depths:5 | Found a gate to the Realm of Zot.
 80093 | Depths:5 | Found a sparkling altar of Nemelex Xobeh.
 80429 | Zot:1    | Entered Level 1 of the Realm of Zot
 81209 | Zot:4    | Received a gift from Okawaru
 81726 | Zot:3    | Received a gift from Okawaru
 82599 | Zot:5    | Entered Level 5 of the Realm of Zot
 82905 | Zot:5    | Reached XP level 27. HP: 276/305 MP: 32/32
 83134 | Zot:5    | Noticed an orb of fire
 83145 | Zot:5    | Killed an orb of fire
 83150 | Zot:5    | Noticed an ancient lich
 83153 | Zot:5    | Killed an ancient lich
 83304 | Zot:5    | Noticed an orb of fire
 83692 | Zot:5    | Noticed an orb of fire
 83695 | Zot:5    | Killed an orb of fire
 83699 | Zot:5    | Noticed an orb of fire
 83701 | Zot:5    | Killed an orb of fire
 83703 | Zot:5    | Received a gift from Okawaru
 83715 | Zot:5    | Noticed an orb of fire
 83717 | Zot:5    | Killed an orb of fire
 83729 | Zot:5    | Noticed an ancient lich
 83730 | Zot:5    | Killed an ancient lich
 83733 | Zot:5    | Noticed an ancient lich
 83738 | Zot:5    | Noticed an ancient lich
 83739 | Zot:5    | Killed an ancient lich
 83743 | Zot:5    | Killed an ancient lich
 84015 | Zot:5    | Noticed an orb of fire
 84022 | Zot:5    | Killed an orb of fire
 84028 | Zot:5    | Got the Orb of Zot
 84072 | Zot:5    | Killed an orb of fire
 84195 | Depths:4 | Noticed HungrySpirit's illusion
 84195 | Depths:4 | HP: 1/305 [Mara/demon trident of freezing (17)]
 84195 | Depths:4 | Slain by Mara

Vault maps used:
D:1:      lemuel_arrival_hallway
D:2:      first_bread, uniq_crazy_yiuf_cottage, uniq_jessica
D:3:      minmay_overflow_temple_star_quad, nicolae_ashenzari_panopticon
D:4:      forest_paths, nicolae_overflow_crystal_walls, temple_doors_e,
          serial_shops, shop
D:5:      fedhas_altar_2, serial_shops, shop, uniq_prince_ribbit1
D:6:      zin_scriptorium, vehumet_statue, uniq_eustachio
D:7:      nicolae_ossuary_entry_false_entrances, serial_shops, shop,
          enter_bailey_3, basic_altar, kennysheep_boxes, uniq_pikel
D:8:      lair_0_dummy, uniq_psyche
D:9:      serial_shops, shop, fountainhead, hangedman_pestilent_swarm
D:10:     david_orc_4, basic_altar, serial_shops, kennysheep_mini_moat,
          okawaru_trees_2, uniq_gastronok, uniq_josephine
D:13:     david_vaults_4
D:14:     small_statue_intersection, uniq_louise
D:15:     grunt_enter_depths_hoard, elyvilon_altar_4, roderic_greek_sauvastika,
          wad_rectangle_vault
Temple:   water_room_temple_b_12
Lair:1:   st_stairs_8, nicolae_lair_grove_arrangements, grunt_megastairs_4,
          serial_bayou_shore_b
Lair:3:   uniq_maud
Lair:4:   serial_bayou_pond_d, lemuel_fruit_fields, infiniplex_staircase_pool_2
Lair:6:   swamp_mist, dummy_spider_entry, slime_altar_2, basic_altar
Lair:7:   minivault_11, uniq_kirke
Lair:8:   evilmike_catoblepas_cave, ldierk_geyser, ice2_lemuel
Swamp:1:  hangedman_swamp_ruin_hall, swamp_pool4, uniq_roxanne
Swamp:2:  basic_altar, swamp_pool1
Swamp:3:  hangedman_swamp_lotus, nicolae_swamp_spriggan_camp
Swamp:4:  swamp_vile
Spider:2: cheibrodos_spider_creepycove
Spider:4: floodkiller_spider_rune_tomb, portal_ice_cave_entry_imps, uniq_aizul,
          uniq_jorgrun, uniq_asterion
Orc:1:    minmay_goldmine, basic_altar, nicolae_orc_stony_grotto,
          guppyfry_library_mini, uniq_urug
Orc:2:    grunt_orc_community_town_hall, grunt_orc_community_big_house_2,
          grunt_orc_community_big_house_1, grunt_orc_community_house_2,
          grunt_orc_community_house_2, grunt_orc_community_house_3,
          grunt_orc_community_house_3, grunt_orc_community_house_1,
          serial_shops, shop, abandoned_shop, elf_legates
Vaults:1: st_eye, v_misc_24, v_misc_27, nicolae_vaults_puzzle_piece,
          hangedman_vaults_slither, vaults_dpeg_spiral, v_misc_9,
          hangedman_vaults_slice, ontoclasm_vaults_pinch, vaults_dpeg_hooks,
          serial_shops, nicolae_shop_window_shopping
Vaults:2: v_misc_9, vaults_dpeg_ring, hangedman_vaults_variations,
          minmay_crypt_entry_simple_sparse, ontoclasm_vaults_chip,
          vaults_room_door_ring
Vaults:3: v_misc_12, hangedman_vaults_stretched_pinwheel,
          dpeg_vaults_pockets_of_resistance, vaults_dpeg_diagonal, v_misc_1,
          grunt_vaults_bifocal, v_alt_pattern_1, hangedman_vaults_nodes,
          ontoclasm_vaults_chip, v_rooms_1, grunt_vaults_focal,
          nicolae_vaults_little_squares_2, v_misc_16, nicolae_vaults_what_the_h
Vaults:4: v_misc_8, nicolae_vaults_ring_of_whatevers, vaults_mumra_hexcomb,
          hangedman_vaults_corner, nicolae_vaults_arrows,
          dpeg_vaults_monster_box, ontoclasm_vaults_loading_screen,
          vaults_room_fancy_cross, v_misc_27, ontoclasm_vaults_loading_screen,
          nicolae_vaults_sealed_display, nicolae_vaults_ring_of_whatevers,
          vaults_dpeg_encased_lava, ontoclasm_vaults_idyll,
          ontoclasm_vaults_idyll, enter_trove_3, uniq_saint_roka
Depths:1: hell_entry, grunt_decor_arrowhead, minmay_misc_feat_alley,
          glass_columns_a, nicolae_for_you_no_charge, hangedman_decor_cross_pass
Depths:2: hangedman_crystal_crosses_colossus, abyss_entry, hell_entry
Depths:3: evilmike_cross, serial_shops, shop, abyss_entry, hell_entry,
          minmay_parallelograms, rand_demon_pan_entry_9, minmay_librarian,
          infiniplex_staircase_split_hallway
Depths:4: kennysheep_funnel, abyss_entry, pan_entry, hell_entry,
          kennysheep_nondescript, uniq_mara
Depths:5: grunt_zot_entry_alcove, nemelex_xobeh_ov_fountains_minmay, hell_entry,
          dispersion_dpeg
Zot:1:    grunt_megastairs_2
Zot:2:    kennysheep_six_static_rooms
Zot:3:    st_stairs_3
Ossuary:  ossuary_minmay_four_chambers
IceCv:    ice_cave_caverns_03

Skill      XL: |  1  2  3  4  5  6  7  8  9 10 11 12 13 14 15 16 17 18 19 20 21 22 23 24 25 26 27 |
---------------+----------------------------------------------------------------------------------+-----
Fighting       | 2 3 7 10 12 13 15 17 20 21 23 | 23.2
Maces & Flails | 2 3 4 7 9 12 15 18 20 21 23 24 25 | 25.5
Throwing       | 3 4 5 8 10 11 12 13 15 17 18 20 21 22 | 22.7
Armour         | 4 5 7 9 10 11 12 13 14 16 17 18 19 20 | 20.6
Evocations     | 3 6 8 9 10 11 12 13 | 13.7
Invocations    | 4 7 10 | 10.1
Dodging        | |  1.7
Spellcasting   | |  1.2
Hexes          | |  2.1

Action                   |  1- 3 |  4- 6 |  7- 9 | 10-12 | 13-15 | 16-18 | 19-21 | 22-24 | 25-27 || total
-------------------------+-------+-------+-------+-------+-------+-------+-------+-------+-------++-------
Melee: Unarmed           |    39 |       |       |       |       |       |       |       |       ||    39
       Short sword       |   110 |       |       |       |       |       |       |       |       ||   110
       Club              |    61 |    21 |       |       |       |       |       |       |       ||    82
       Mace              |       |   205 |    49 |       |       |       |       |       |       ||   254
       Flail             |       |       |   460 |   221 |       |       |       |       |       ||   681
       Giant club        |       |       |       |   356 |       |       |       |   320 |   499 ||  1175
       Giant spiked club |       |       |       |   126 |   491 |       |       |       |       ||   617
       Great mace        |       |       |       |       |   560 |   839 |  1485 |   697 |       ||  3581
Throw: Large rock        |    17 |    17 |    24 |    42 |    13 |    24 |    63 |   294 |   411 ||   905
       Throwing net      |     1 |     4 |     2 |     4 |       |       |       |       |       ||    11
Invok: Heroism           |       |       |     3 |    12 |    16 |     6 |    12 |    11 |     5 ||    65
       Finesse           |       |       |       |       |     3 |     1 |     5 |     3 |     3 ||    15
 Abil: Evoke Flight      |       |       |       |       |     2 |     2 |       |       |       ||     4
       Stop Flying       |       |       |       |       |       |     1 |       |       |       ||     1
Evoke: Wand              |       |       |       |     3 |       |       |       |     1 |     6 ||    10
  Use: Potion            |       |     4 |       |     4 |     3 |     3 |     5 |     2 |     1 ||    22
       Scroll            |       |       |    13 |     9 |     5 |    18 |    20 |    15 |    15 ||    95
 Stab: Sleeping          |     1 |     1 |     2 |     1 |       |       |       |       |       ||     5
       Distracted        |       |       |     1 |       |       |       |     2 |       |       ||     3
       Held in net/web   |       |       |       |     1 |       |       |       |       |       ||     1
  Eat: Chunk             |     4 |     7 |    10 |    52 |    42 |    37 |    66 |    46 |    23 ||   287
       Pizza             |       |     1 |     2 |       |       |       |       |       |       ||     3
       Royal jelly       |       |       |     1 |       |       |       |       |       |       ||     1
       Beef jerky        |       |       |       |     1 |       |       |       |       |       ||     1
       Meat ration       |       |       |       |       |       |       |       |       |     1 ||     1
